 Dungeon Crawl Stone Soup version 0.21-a0-404-g291f19a (webtiles) character file.

4173 Moebius the Slinger (level 10, 0/71 HPs)
             Began as a Halfling Hunter on Oct 30, 2017.
             Was a Believer of Qazlal.
             Splashed by Joseph's acid (12 damage)
             ... on level 7 of the Dungeon.
             The game lasted 00:45:22 (7994 turns).

Moebius the Slinger (Halfling Hunter)               Turns: 7994, Time: 00:45:23

Health: 0/71       AC: 11    Str:  9    XL:     10   Next: 53%
Magic:  23/23      EV: 11    Int: 15    God:    Qazlal [**....]
Gold:   318        SH:  3    Dex: 19    Spells: 9/10 levels left

rFire    . . .     SeeInvis +   c - +8 mace of Woe {holy, +Rage MP+9 Str-4 Int+6}
rCold    . . .     Gourm    .   (shield restricted)
rNeg     . . .     Faith    .   i - +3 scale mail
rPois    .         Spirit   .   (no helmet)
rElec    .         Reflect  .   (no cloak)
rCorr    .         Harm     .   m - +0 pair of gloves
MR       .....                  (no boots)
Stlth    ++........             (no amulet)
HPRegen  0.21/turn              D - ring of stealth
MPRegen  0.18/turn              l - ring of see invisible

@: no status effects
A: high mp 1, mutation resistance 1
a: Upheaval, Renounce Religion, Evoke Berserk Rage


You were on level 7 of the Dungeon.
You worshipped Qazlal.
Qazlal was pleased with you.
You were not hungry.

You visited 2 branches of the dungeon, and saw 9 of its levels.
You also visited: Ossuary.

You collected 318 gold pieces.

Inventory:

Hand Weapons
 a - a +2 hunting sling
 b - a +1 dagger of draining
 c - the +8 mace of Woe (weapon) {holy, +Rage MP+9 Str-4 Int+6}
   (You found it on level 8 of the Dungeon)

   It has been blessed by the Shining One to cause great damage to the undead
   and demons.
   It affects your strength (-4).
   It affects your intelligence (+6).
   It affects your magic capacity (+9).
   It lets you go berserk.
 x - a +1 dagger of flaming
 B - a +2 dagger of venom
Missiles
 d - 60 sling bullets
 e - 160 stones
 p - 6 tomahawks (quivered)
 w - 28 poisoned needles
Armour
 i - a +3 scale mail (worn)
 m - a +0 pair of gloves (worn)
 Q - a +0 buckler
Jewellery
 l - a ring of see invisible (right hand)
 n - an uncursed ring of magical power
 D - a ring of stealth (left hand)
Wands
 v - a wand of flame (34/48)
 y - a wand of acid (15/15)
 F - a wand of random effects (9/48)
Scrolls
 h - 6 scrolls of remove curse
 k - a scroll of recharging
 o - 6 scrolls of identify
 r - 3 scrolls of amnesia
 t - 6 scrolls of teleportation
 u - 2 scrolls of enchant armour
 E - a scroll of blinking
 H - 6 scrolls of random uselessness {unknown}
 I - a scroll of enchant weapon
 L - 2 scrolls of immolation {unknown}
 M - a scroll of magic mapping {unknown}
Potions
 q - 2 potions of cancellation
 C - 5 potions of flight
 G - 7 potions of curing
 J - 2 potions of lignification
 N - a potion of brilliance {unknown}
Books
 s - a book of Frost

   Spells                             Type                      Level
   a - Freeze                         Ice                          1
   b - Throw Frost                    Conjuration/Ice              2
   c - Ozocubu's Armour               Charms/Ice                   3
   d - Throw Icicle                   Conjuration/Ice              4
   e - Summon Ice Beast               Ice/Summoning                4
 A - a book of Cantrips

   Spells                             Type                      Level
   a - Confusing Touch                Hexes                        1
   b - Animate Skeleton               Necromancy                   1
   c - Summon Small Mammal            Summoning                    1
   d - Apportation                    Translocation                1
Comestibles
 f - 4 bread rations
 g - 6 meat rations
 z - 4 royal jellies
 K - a chunk of flesh
 P - 2 fruits


   Skills:
 - Level 7.1 Fighting
 - Level 7.1 Short Blades
 + Level 4.4 Maces & Flails
 - Level 11.4 Slings
 - Level 4.0 Armour
 - Level 2.1 Dodging
 - Level 3.0 Stealth
 - Level 0.7 Spellcasting
 - Level 0.7 Ice Magic
 - Level 4.7 Invocations


You had 9 spell levels left.
You knew the following spells:

 Your Spells              Type           Power        Failure   Level  Hunger
a - Freeze                Ice            #...         80%         1    ##.....


Dungeon Overview and Level Annotations

Branches:
Dungeon (8/15)             Temple (1/1) D:5
   Lair: D:8-11

Altars:
Ashenzari
Cheibriados
Dithmenos
Fedhas
Gozag
Hepliaklqana
Makhleb
Nemelex Xobeh
Okawaru
Qazlal
Ru
Trog
Uskayaw
Wu Jian
Xom
Yredelemnul

Annotations:
D:7 Joseph


Innate Abilities, Weirdness & Mutations

You are small and have problems with some larger weapons.
You are somewhat resistant to further mutation.
You have an increased reservoir of magic. (+10% MP)


Message History

You sock Joseph!
Joseph is moderately wounded.
Joseph hits you with an uncursed quarterstaff!
* * * LOW HITPOINT WARNING * * *
You are confused.
You feel invigorated.
Joseph hits you with an uncursed quarterstaff.
You thump Joseph!
Joseph is moderately wounded.
Joseph hits you with an uncursed quarterstaff!
* * * LOW HITPOINT WARNING * * *
You bump into the rock wall.
Joseph hits you but does no damage.
Found a fuming silvery potion and 12 gold pieces.
You see here a scorpion corpse.
You feel less invigorated.
You feel less confused.
Joseph zaps a wand.
The bolt of acid hits you!
* * * LOW HITPOINT WARNING * * *
You are splashed with acid!
The acid burns!
You die...

.. ♣ ♣.♣ ♣ ##
... ._.....#
.♣.♣.♣.♣..
### ........#
#...#.♣.♣.#.#
..........#
#......###.#
#.#@........
#.§§@#.###.
#..†<# ##.###
... ###. ..
#. .@. $! ...


You could see Joseph.

Vanquished Creatures
  Pikel (D:6)
  Grinder (D:6)
  A meliai zombie (D:7)
  2 hippogriffs
  Sigmund (D:5)
  A wyvern (D:8)
  Eustachio (D:6)
  A hungry ghost (D:8)
  Edmund (D:5)
  Duvessa (D:5)
  A slave (D:5)
  A sky beast (D:5)
  A black bear (D:7)
  2 orc warriors
  6 ogres
  A phantom (D:6)
  A bullfrog (D:6)
  Dowan (D:5)
  A scorpion (D:7)
  4 howler monkeys
  3 hounds
  5 orc priests
  2 jellies (D:6)
  A bullfrog skeleton (D:7)
  A human zombie (Ossuary)
  4 orc wizards
  6 worker ants
  A big kobold zombie (Ossuary)
  A hound skeleton (D:5)
  5 mummies (Ossuary)
  13 adders
  A shadow imp (D:5)
  An ooze (D:5)
  3 worms
  6 leopard geckos
  21 orcs
  6 giant cockroaches
  12 goblins
  15 hobgoblins
  6 jackals
  7 kobolds
  3 quokkas
  8 bats
  7 frilled lizards
  A giant cockroach zombie (D:5)
  A gnoll zombie (Ossuary)
  2 goblin zombies (Ossuary)
  A hobgoblin zombie (Ossuary)
  A jackal zombie (D:7)
  A kobold zombie (Ossuary)
  A leopard gecko skeleton (D:4)
  A leopard gecko zombie (D:7)
  An orc zombie (Ossuary)
  A quokka zombie (D:6)
  8 rats
  A bush (D:6)
188 creatures vanquished.

Vanquished Creatures (others)
  A slave (D:6)
  2 quokkas
3 creatures vanquished.

Grand Total: 191 creatures vanquished

Notes
Turn   | Place    | Note
-------+----------+-------------------------------------------
     0 | D:1      | Moebius the Halfling Hunter began the quest for the Orb.
     0 | D:1      | Reached XP level 1. HP: 14/14 MP: 1/1
    58 | D:1      | Reached skill level 6 in Slings
   142 | D:1      | Reached XP level 2. HP: 19/19 MP: 2/2
   544 | D:1      | Reached XP level 3. HP: 24/24 MP: 3/3
   561 | D:1      | Reached skill level 7 in Slings
  1004 | D:2      | Reached XP level 4. HP: 29/29 MP: 4/4
  1180 | D:2      | You fall through a shaft for 2 floors!
  1202 | D:4      | Reached skill level 8 in Slings
  1202 | D:4      | Reached XP level 5. HP: 18/34 MP: 5/5
  1255 | D:4      | Reached skill level 9 in Slings
  1501 | D:4      | Reached skill level 1 in Short Blades
  1501 | D:4      | Reached XP level 6. HP: 26/41 MP: 6/6
  3057 | D:5      | Entered Level 5 of the Dungeon
  3086 | D:4      | Noticed an ogre
  3094 | D:4      | Killed an ogre
  3094 | D:4      | Reached skill level 10 in Slings
  3094 | D:4      | Reached XP level 7. HP: 46/46 MP: 7/7
  3428 | D:4      | Found a bloodstained altar of Trog.
  3582 | D:4      | Found a shimmering altar of Xom.
  3641 | D:5      | Found an iron altar of Okawaru.
  3643 | D:5      | Noticed Sigmund
  3675 | D:5      | Killed Sigmund
  3675 | D:5      | Reached skill level 11 in Slings
  3885 | D:6      | Reached XP level 8. HP: 54/54 MP: 8/8
  3960 | D:5      | Noticed a hippogriff
  3989 | D:5      | Killed a hippogriff
  3989 | D:5      | Reached skill level 1 in Armour
  4033 | D:5      | Gained mutation: You have an increased reservoir of magic. (+10% MP) [mutagenic meat]
  4097 | D:5      | Learned a level 1 spell: Freeze
  4300 | D:5      | Noticed Edmund
  4320 | D:5      | Killed Edmund
  4320 | D:5      | Reached skill level 5 in Fighting
  4443 | D:6      | Noticed Pikel
  4443 | D:6      | Noticed Eustachio
  4526 | D:5      | Found a sacrificial altar of Ru.
  4677 | D:5      | Found a staircase to the Ecumenical Temple.
  4689 | Temple   | Entered the Ecumenical Temple
  4816 | Temple   | Became a worshipper of Qazlal Stormbringer
  4932 | D:5      | Found a sacrificial altar of Ru.
  4935 | D:5      | Noticed Duvessa
  4936 | D:5      | Noticed Dowan
  4988 | D:5      | Killed Duvessa
  4988 | D:5      | Reached skill level 1 in Invocations
  4988 | D:5      | Reached XP level 9. HP: 29/61 MP: 10/10
  4999 | D:5      | Killed Dowan
  5031 | D:5      | Reached skill level 5 in Short Blades
  5324 | D:6      | Killed Pikel
  5392 | D:6      | Killed Eustachio
  5473 | D:6      | Reached * piety under Qazlal
  5701 | D:6      | Found a hide-covered altar of Uskayaw.
  5702 | D:6      | Found a sparkling altar of Nemelex Xobeh.
  5985 | D:6      | Found a hazy altar of Hepliaklqana.
  6232 | D:6      | Noticed Grinder
  6246 | D:6      | Killed Grinder
  6605 | D:6      | Reached XP level 10. HP: 69/69 MP: 14/14
  6685 | D:7      | Found an iron altar of Okawaru.
  6685 | D:7      | Noticed Joseph
  7144 | D:8      | Got an encrusted mace
  7186 | D:8      | Found a sand-covered staircase.
  7199 | Ossuary  | Entered an ossuary
  7200 | Ossuary  | Identified the +8 mace of Woe {holy, +Rage MP+9 Str-4 Int+6} (You found it on level 8 of the Dungeon)
  7325 | Ossuary  | Reached skill level 1 in Maces & Flails
  7522 | D:8      | Reached ** piety under Qazlal
  7661 | D:8      | Noticed a two-headed ogre
  7674 | D:6      | Found a shadowy altar of Dithmenos.
  7994 | D:7      | Splashed by Joseph's acid

Vault maps used:
D:1:      dpeg_arrival_stone_temple_mockup, minmay_octomino_e4
D:2:      kennysheep_generic_room_10
D:3:      first_bread
D:4:      lemuel_coloured_pillars_altar, trog_three_pillars_becter
D:5:      marbit_many_paths, temple_pool_b, basic_altar,
          nicolae_ru_great_annihilating_truth, uniq_edmund, uniq_duvessa,
          uniq_sigmund
D:6:      gammafunk_temple_overflow_forgotten, nicolae_overflow_hidden_temple,
          uniq_pikel, uniq_grinder, uniq_eustachio
D:7:      okawaru_trees_1, the_bakery, uniq_joseph
D:8:      palyth_temple_overflow_mages, chequers_ossuary_entry_cave,
          enter_bailey_1
Temple:   nicolae_temple_figure_zero
Ossuary:  ossuary_crypta

Skill      XL: |  1  2  3  4  5  6  7  8  9 10 |
---------------+-------------------------------+-----
Slings         | 6 7 8 9 10 11 | 11.4
Fighting       | 2 3 5 6 7 |  7.1
Short Blades   | 1 2 4 6 7 |  7.1
Armour         | 2 3 4 |  4.0
Invocations    | 1 4 |  4.7
Stealth        | 2 3 |  3.0
Maces & Flails | 4 |  4.4
Dodging        | |  2.1
Spellcasting   | |  0.7
Ice Magic      | |  0.7

Action                   |  1- 3 |  4- 6 |  7- 9 | 10-12 || total
-------------------------+-------+-------+-------+-------++-------
Melee: Dagger            |    22 |    58 |   524 |    18 ||   622
       Mace              |       |       |       |   107 ||   107
 Fire: Hunting sling     |    44 |   128 |   142 |    32 ||   346
Throw: Tomahawk          |     2 |       |    15 |     6 ||    23
 Cast: Freeze            |       |       |     1 |       ||     1
Evoke: Wand              |       |       |       |     3 ||     3
  Use: Scroll            |     4 |       |     7 |     2 ||    13
       Potion            |       |       |     9 |     3 ||    12
 Stab: Sleeping          |     1 |     2 |     1 |       ||     4
       Distracted        |       |       |     1 |       ||     1
       Confused          |       |       |       |     2 ||     2
  Eat: Chunk             |       |     5 |    13 |     2 ||    20
       Fruit             |       |     2 |     1 |       ||     3
       Bread ration      |       |       |     1 |       ||     1
       Royal jelly       |       |       |       |     1 ||     1
Armor: Leather armour    |     7 |     8 |     4 |       ||    19
       Scale mail        |       |       |    85 |    79 ||   164
Dodge: Dodged            |    32 |    48 |   101 |    82 ||   263
Block: Other             |       |       |     1 |    13 ||    14

Table legend:
 A = Spawn XP
 B = Non-spawn XP
 C = Spawn XP percentage of total XP
 D = Spawn monster count
 E = Non-spawn monster count
 F = Spawn count percentage of total count
 G = Total turns spent on level
                    A         B        C        D         E        F      G
               +---------+---------+-------+---------+---------+-------+---------
         Total |       0 |    5962 |   0.0 |       0 |     186 |   0.0 |  7994
               +---------+---------+-------+---------+---------+-------+---------
           D:1 |       0 |      42 |   0.0 |       0 |      24 |   0.0 |   859
           D:2 |       0 |      96 |   0.0 |       0 |      33 |   0.0 |   942
           D:3 |       0 |      47 |   0.0 |       0 |      13 |   0.0 |   854
           D:4 |       0 |     547 |   0.0 |       0 |      23 |   0.0 |   965
           D:5 |       0 |    1326 |   0.0 |       0 |      29 |   0.0 |  1456
           D:6 |       0 |    2151 |   0.0 |       0 |      31 |   0.0 |  1822
           D:7 |       0 |    1052 |   0.0 |       0 |      12 |   0.0 |   426
           D:8 |       0 |     540 |   0.0 |       0 |       8 |   0.0 |   275
       Ossuary |       0 |     161 |   0.0 |       0 |      13 |   0.0 |   255
               +---------+---------+-------+---------+---------+-------+---------
